[Event "*** Titled Tuesday Blitz"]
[Site "Chess.com"]
[Date "2020.12.29"]
[Round "5"]
[White "ChampStan"]
[Black "Fortitudine"]
[Result "1-0"]
[WhiteElo "2186"]
[BlackElo "2345"]
[TimeControl "180+1"]
[EndTime "10:53:39 PST"]
[Termination "ChampStan won by resignation"]

1. d4 Nf6 2. c4 c5 3. d5 b5 4.
cxb5 a6 5. bxa6 g6 6. Nc3 Bg7 7. Nf3 O-O 8. e4 d6 9. a4 Nxa6 10. Be2 Qa5 11. O-O Nc7 12. Bd2 Ba6 13. Qc2 Bxe2 14.
Nxe2 Qb6 15. Rfb1 Na6 16. Qc4 Rfb8 17. a5 Qb7 18. Ra4 Nb4 19. Bxb4 cxb4 20. Ned4 Qa6 21. Qxa6 Rxa6 22. Nc6 Rb7 23. Nd2 Ne8 24. Nxb4 Ra8 25.
a6 Rb5 26. Nc6 Nc7 27. Nxe7+ Kf8 28. Nc6 Rxa6 29. Rxa6 Nxa6 30. Nc4 Nc5 31. Nxd6 Rxb2 32. Rxb2 Bxb2 33. e5 Nd3 34. e6 fxe6 35. dxe6 Ba3 36. e7+ Kg7 37. e8=Q Bxd6 38. Qd7+ Kh6 1-0

[Event "*** Titled Tuesday Blitz"]
[Site "Chess.com"]
[Date "2020.12.29"]
[Round "5"]
[White "Gabrielian_Artur"]
[Black "Storne89"]
[Result "0-1"]
[WhiteElo "2778"]
[BlackElo "2616"]
[TimeControl "180+1"]
[EndTime "10:53:40 PST"]
[Termination "Storne89 won by resignation"]

1. e4 e5 2. Nc3 Nf6 3. g3 d5 4.
exd5 Nxd5 5. Bg2 Nxc3 6. bxc3 Nc6 7. Nf3 Bc5 8. O-O O-O 9. Re1 Bg4 10. h3 Bh5 11. g4 Bg6 12. Nxe5 Nxe5 13. Rxe5 Bd6 14. Re1 f5 15. d4 Qh4 16. g5 Bh5 17. Qd3 f4 18.
Bf3 Bg6 19. Qf1 Bf5 20. Kh2 Bxh3 21. Qxh3 Qxf2+ 22. Qg2 Qxe1 23. Bb2 Qg3+ 24. Qxg3 fxg3+ 25. Kg2 c6 26. c4 Rae8 27. c5 Bc7 28. d5 cxd5 29.
Bxd5+ Kh8 30. Bf3 Be5 31. Rb1 Bxb2 32. Rxb2 Re3 33. Rb3 Rfxf3 34. c6 Rxb3 35. axb3 Rf8 36. cxb7 Rb8 37. Kxg3 Rxb7 0-1

[Event "*** Titled Tuesday Blitz"]
[Site "Chess.com"]
[Date "2020.12.29"]
[Round "5"]
[White "Sadykov_Ramil"]
[Black "Saylormoon"]
[Result "1-0"]
[WhiteElo "2538"]
[BlackElo "2353"]
[TimeControl "180+1"]
[EndTime "10:53:40 PST"]
[Termination "Sadykov_Ramil won by resignation"]

1. e4 c5 2. Nf3 Nc6 3. Bb5 g6 4. Bxc6 dxc6 5. h3 Bg7 6. d3 b6 7. a4 Nf6 8. Be3 O-O 9. a5 Ba6 10. Nc3 e5 11. O-O Re8 12. Nd2 Nd7 13. Qb1 b5 14. b4 c4 15. dxc4 bxc4 16. Qa2 c5 17. b5 Bb7 18. a6 Bc8 19. Nxc4 Nf8 20. Rfd1 Qc7 21. Nd5 Qb8 22. Bxc5 Ne6 23. Be3 Qxb5 24.
Nd6 Qd7 25. Nxe8 Qxe8 26. Qc4 Bd7 27. Nc7 Nxc7 28. Qxc7 Bc6 29. f3 Bf8 30. Bxa7 Bb5 31. Qb7 Rc8 32. Be3 Rxc2 33. a7 Bc6 34. Qb8 1-0

[Event "*** Titled Tuesday Blitz"]
[Site "Chess.com"]
[Date "2020.12.29"]
[Round "5"]
[White "Sharpchess22"]
[Black "stanyga"]
[Result "1-0"]
[WhiteElo "2805"]
[BlackElo "2600"]
[TimeControl "180+1"]
[EndTime "10:53:43 PST"]
[Termination "Sharpchess22 won by resignation"]

1. c4 c6 2. Nf3 Nf6 3. e3 d5 4. Nc3 e6 5. b3 Nbd7 6. Bb2 Bd6 7. Qc2 b6 8. cxd5 exd5 9. Nd4 Bb7 10. Nf5 Bf8 11. d4 g6 12. Ng3 Bd6 13. Bd3 Rc8 14.
O-O O-O 15. Rad1 Re8 16. e4 c5 17. dxc5 Nxc5 18. Bb5 Ncxe4 19. Bxe8 Qxe8 20. Ncxe4 Nxe4 21. Qd3 Be5 22. Bxe5 Qxe5 23. Rc1 Rxc1 24. Rxc1 Qb2 25. Qc2 Qd4 26. Rd1 Qe5 27. Nxe4 dxe4 28. Qd2 h5 29.
Qd8+ Kg7 30. Qd7 Ba6 31. Qd4 Qxd4 32. Rxd4 Bd3 33. f3 f5 34. fxe4 Kf6 35. Rxd3 fxe4 36. Rd7 1-0

[Event "*** Titled Tuesday Blitz"]
[Site "Chess.com"]
[Date "2020.12.29"]
[Round "5"]
[White "realmadridtv"]
[Black "The_filthy"]
[Result "1-0"]
[WhiteElo "2455"]
[BlackElo "2300"]
[TimeControl "180+1"]
[EndTime "10:53:45 PST"]
[Termination "realmadridtv won by resignation"]

1. e4 d5 2. e5 c5 3. b4 cxb4 4.
d4 Bf5 5. Nf3 Nc6 6. Be3 e6 7.
Nbd2 a6 8. Be2 Nge7 9. Nh4 h6 10.
g4 Bh7 11. f4 Nf5 12. Nxf5 exf5 13. O-O Qd7 14. Bd3 O-O-O 15. Qe2 Kb8 16. a3 g5 17. fxg5 hxg5 18. gxf5 f6 19. axb4 Nxb4 20. e6 Qc7 21. Rfb1 Nxd3 22. cxd3 Ka8 23. Nb3 Bxf5 24. Nc5 Bxc5 25. dxc5 d4 26. Qg2 Ka7 27. Bd2 Rb8 28. Ba5 Qc6 29. Bb6+ Ka8 30. Rxa6+ 1-0

[Event "*** Titled Tuesday Blitz"]
[Site "Chess.com"]
[Date "2020.12.29"]
[Round "5"]
[White "FishThatRoared"]
[Black "sopo-tereladze"]
[Result "1-0"]
[WhiteElo "2111"]
[BlackElo "2267"]
[TimeControl "180+1"]
[EndTime "10:53:45 PST"]
[Termination "FishThatRoared won by resignation"]

1. e4 Nf6 2. e5 Nd5 3. d4 d6 4. Bc4 Nb6 5. Bb3 dxe5 6. Qh5 e6 7. dxe5 Nc6 8. Nf3 g6 9. Qg4 Bg7 10. Bg5 Ne7 11. Nc3 O-O 12. Qh4 Re8 13. Rd1 Bd7 14. Ne4 Nbd5 15. g4 c6 16. Nf6+ Bxf6 17. exf6 Nf5 18.
gxf5 exf5+ 19. Kf1 Kh8 20. Qh6 Rg8 21. Bxd5 cxd5 22.
Rd4 Bb5+ 23. Kg1 Qf8 24. Qxh7+ 1-0

[Event "*** Titled Tuesday Blitz"]
[Site "Chess.com"]
[Date "2020.12.29"]
[Round "5"]
[White "Pantata007"]
[Black "HouseOfDurin"]
[Result "1-0"]
[WhiteElo "2283"]
[BlackElo "2087"]
[TimeControl "180+1"]
[EndTime "10:53:47 PST"]
[Termination "Pantata007 won by resignation"]

1. d4 Nf6 2. c4 c5 3. d5 b5 4.
cxb5 a6 5. bxa6 Bxa6 6. Nc3 d6 7. e4 Bxf1 8. Kxf1 Nbd7 9. g3 g6 10. Kg2 Bg7 11. Nf3 O-O 12. a4 Qa5 13. Bd2 Qb4 14. Qe2 Rfb8 15. b3 Ng4 16. Nb5 Qxb3 17. Rhb1 Qxb1 18. Rxb1 Rxa4 19. Bc3 Nge5 20. Nd2 Ra2 21. f4 Ng4 22. Bxg7 Kxg7 23. Nc3 Rxb1 24. Ncxb1 Ngf6 25. Nc3 Rc2 26. Qd3 c4 27. Qxc2 Nc5 28. Nxc4 1-0

[Event "*** Titled Tuesday Blitz"]
[Site "Chess.com"]
[Date "2020.12.29"]
[Round "5"]
[White "JoachimMouhamad"]
[Black "geordie_derraugh"]
[Result "1-0"]
[WhiteElo "2367"]
[BlackElo "2518"]
[TimeControl "180+1"]
[EndTime "10:53:48 PST"]
[Termination "JoachimMouhamad won by resignation"]

1. e4 c5 2. Nf3 e6 3. d4 cxd4 4. Nxd4 Nc6 5. Nc3 Qc7 6. Be3 a6 7. Qd2 Nf6 8. O-O-O Be7 9. f3 h5 10. Nxc6 dxc6 11. Qf2 b5 12. Bb6 Qb7 13. Bc5 e5 14.
Bd6 Bxd6 15. Rxd6 Be6 16. Qc5 O-O 17. Qxe5 Qb8 18. Qd4 Rc8 19. Qd2 c5 20. Be2 b4 21.
Na4 c4 22. Nb6 c3 23. Qd4 cxb2+ 24. Kxb2 Nd5 25. Nxc8 Qc7 26. exd5 Rxc8 27. Rc6 Qb7 28. Bxa6 1-0

[Event "*** Titled Tuesday Blitz"]
[Site "Chess.com"]
[Date "2020.12.29"]
[Round "5"]
[White "kai_nov"]
[Black "FMOlexandrProhorov"]
[Result "1-0"]
[WhiteElo "2372"]
[BlackElo "2151"]
[TimeControl "180+1"]
[EndTime "10:53:48 PST"]
[Termination "kai_nov won on time"]

1. d4 g6 2. c4 Bg7 3. e4 d6 4. Nc3 e5 5. d5 a5 6. Bd3 Na6 7. Nge2 Nc5 8. Bc2 Bd7 9. O-O Bh6 10. a3 Bxc1 11. Qxc1 a4 12. Ng3 Qe7 13. f4 exf4 14.
Qxf4 f6 15. Nge2 Kf7 16. Nd4 Kg7 17. Rae1 Nh6 18. Ne6+ Bxe6 19. dxe6 Nxe6 20. Qh4 g5 21. Qg3 c6 22. Bxa4 Raf8 23. Bc2 Nf7 24. h4 h6 25. Rf5 Ne5 26. b3 Nd4 27. Rf2 Rhg8 28. Ref1 Kh7 29.
Bd1 Ne6 30. Bg4 Nf4 31. Bf5+ Kh8 32. Rxf4 gxf4 33. Qxf4 Qg7 34. Qd2 1-0

[Event "*** Titled Tuesday Blitz"]
[Site "Chess.com"]
[Date "2020.12.29"]
[Round "5"]
[White "NaciSAN"]
[Black "AliKa2810"]
[Result "0-1"]
[WhiteElo "2164"]
[BlackElo "2592"]
[TimeControl "180+1"]
[EndTime "10:53:49 PST"]
[Termination "AliKa2810 won by resignation"]

1. e4 c6 2. d4 d5 3. Nc3 dxe4 4. Nxe4 Nd7 5. Ng5 Ngf6 6. Bd3 e6 7. N1f3 Bd6 8. Qe2 h6 9. Ne4 Nxe4 10. Qxe4 Qc7 11.
O-O b6 12. Bd2 Bb7 13. Qe2 O-O 14. Qe4 Nf6 15. Qh4 Nd5 16. Bxh6 gxh6 17. Qxh6 f5 18. Qxe6+ Kg7 19. Nh4 Ne7 20. Nxf5+ Rxf5 21. Bxf5 Bc8 22. Qe3 Bxf5 23. Qg5+ Bg6 24. f4 Rf8 25. f5 Bxh2+ 26. Kh1 Nxf5 27. Rf3 Ng3+ 0-1

[Event "*** Titled Tuesday Blitz"]
[Site "Chess.com"]
[Date "2020.12.29"]
[Round "5"]
[White "Homino"]
[Black "alexgo05"]
[Result "1-0"]
[WhiteElo "2304"]
[BlackElo "2474"]
[TimeControl "180+1"]
[EndTime "10:53:51 PST"]
[Termination "Homino won by resignation"]

1. e4 c6 2. d4 g6 3. Nc3 d5 4. Nf3 Bg7 5. Be3 dxe4 6. Nxe4 Nf6 7. Nxf6+ exf6 8. Qd2 Be6 9. Bh6 O-O 10. h4 Bg4 11.
O-O-O Qd5 12. Kb1 Qh5 13. Bxg7 Kxg7 14. Bd3 Nd7 15. Rde1 Rae8 16. Qf4 Nb6 17. Nd2 Be6 18. Ne4 Qd5 19. Qxf6+ Kg8 20. b3 Bf5 21. h5 Bxe4 22. h6 1-0

[Event "*** Titled Tuesday Blitz"]
[Site "Chess.com"]
[Date "2020.12.29"]
[Round "5"]
[White "CakeinSpace2002"]
[Black "Olga_Ustinova"]
[Result "0-1"]
[WhiteElo "2384"]
[BlackElo "2262"]
[TimeControl "180+1"]
[EndTime "10:53:51 PST"]
[Termination "Olga_Ustinova won by resignation"]

1. d4 Nf6 2. c4 c5 3. e3 cxd4 4. exd4 d5 5. Nf3 dxc4 6. Bxc4 e6 7. Nc3 Nc6 8. O-O Be7 9. Bg5 O-O 10. Re1 h6 11. Bh4 Nb4 12. a3 Nbd5 13. Ne5 Nxc3 14. bxc3 Nd5 15. Bxe7 Nxe7 16. Qf3 Qc7 17. Rad1 f6 18. Ng4 Qxc4 19. Qg3 Kh8 20. Qh4 Nf5 21. Qh5 Bd7 22. d5 Be8 23. Qh3 exd5 24. Rd4 Qc8 25. Rxd5 Bg6 26. Red1 Qe6 27. Nxh6 gxh6 28. g4 Qe8 29.
gxf5 Bh5 30. Kf1 Qe2+ 31. Kg1 Rg8+ 32. Kh1 Qf3+ 0-1

[Event "*** Titled Tuesday Blitz"]
[Site "Chess.com"]
[Date "2020.12.29"]
[Round "5"]
[White "MVM2008"]
[Black "javirec"]
[Result "0-1"]
[WhiteElo "2195"]
[BlackElo "2372"]
[TimeControl "180+1"]
[EndTime "10:53:52 PST"]
[Termination "javirec won by resignation"]

1. b3 e5 2. c4 Nf6 3. Bb2 Nc6 4. g3 d5 5. cxd5 Qxd5 6. Nf3 e4 7. Nc3 Qh5 8. Nh4 Bc5 9. e3 Bg4 10. Be2 Ne5 11.
h3 Nd3+ 12. Bxd3 Bxd1 13. Nxe4 Nxe4 14. g4 Qxh4 15. Bxe4 O-O-O 16. Rxd1 Rhe8 17. Bf5+ Kb8 18. Ke2 g6 19. Bc2 f5 20. f3 Qg5 21. Bc1 fxg4 22. hxg4 h5 23. Rdf1 hxg4 24. f4 Qd5 25. Bxg6 Rg8 26. f5 g3 27. Rhg1 Qd3+ 28. Ke1 Qc2 29.
Ke2 Qd3+ 30. Kf3 Rdf8 31. Kg4 Rxg6+ 32. fxg6 Rxf1 33. g7 Qg6+ 34. Kh4 Rxg1 0-1

[Event "*** Titled Tuesday Blitz"]
[Site "Chess.com"]
[Date "2020.12.29"]
[Round "5"]
[White "freshfoodcompany"]
[Black "Neftegor"]
[Result "1-0"]
[WhiteElo "2420"]
[BlackElo "2560"]
[TimeControl "180+1"]
[EndTime "10:53:53 PST"]
[Termination "freshfoodcompany won by resignation"]

1. d4 Nf6 2. c4 e6 3. Nf3 Bb4+ 4. Bd2 Qe7 5. e3 a5 6. Bd3 O-O 7. O-O Bxd2 8. Qxd2 d6 9. Nc3 e5 10. Bc2 Nbd7 11.
Rfe1 h6 12. Nh4 e4 13. Nf5 Qe6 14. Ng3 Qxc4 15. Bb3 Qa6 16. Ngxe4 Nxe4 17. Nxe4 a4 18. Bc2 Re8 19. Ng3 Nf6 20. e4 Qa5 21. Qd3 Bd7 22. e5 dxe5 23. dxe5 Rxe5 24. Rxe5 Qxe5 25. Rd1 Bc6 26.
f4 Qxb2 27. Nh5 g6 28. Rb1 Qxb1+ 29. Bxb1 Nxh5 30. f5 g5 31. g3 Nf6 32. Qd4 Kg7 33.
Bc2 Re8 34. Kf2 Bb5 35. Bd3 c5 36. Qc3 c4 37. Bc2 Bc6 38. Qxc4 Ng4+ 39. Qxg4 1-0

[Event "*** Titled Tuesday Blitz"]
[Site "Chess.com"]
[Date "2020.12.29"]
[Round "5"]
[White "wonderfultime"]
[Black "ferdipy"]
[Result "1-0"]
[WhiteElo "3005"]
[BlackElo "2190"]
[TimeControl "180+1"]
[EndTime "10:53:55 PST"]
[Termination "wonderfultime won by resignation"]

1. d4 Nf6 2. Nf3 c5 3. c3 g6 4.
Bf4 Bg7 5. e3 O-O 6. Bd3 d5 7.
O-O Nc6 8. Nbd2 Nd7 9. h3 e5 10.
dxe5 Ndxe5 11. Be2 h6 12. Qa4 Be6 13. Rfd1 Qe7 14.
Nxe5 Nxe5 15. Nf3 Nc6 16. Rd2 a6 17. Rad1 b5 18. Qa3 b4 19. cxb4 Nxb4 20. Qa5 Rfc8 21. Rc1 d4 22. exd4 cxd4 23. Rcd1 Bxa2 24. Qa3 a5 25.
Bf1 Bd5 26. Nxd4 Qb7 27. Nb5 Rd8 28. Nc7 Rac8 29. Qxa5 Nc6 30. Qb5 Rxc7 31. Bxc7 Qxc7 32. Rxd5 Rxd5 33. Rxd5 Nd4 34. Qe8+ Kh7 35. Rd7 h5 36. Rxc7 1-0

[Event "*** Titled Tuesday Blitz"]
[Site "Chess.com"]
[Date "2020.12.29"]
[Round "5"]
[White "GM_Crest"]
[Black "Tekushka"]
[Result "1-0"]
[WhiteElo "2680"]
[BlackElo "2446"]
[TimeControl "180+1"]
[EndTime "10:53:55 PST"]
[Termination "GM_Crest won by resignation"]

1. d4 Nf6 2. c4 e6 3. Nc3 Bb4 4. Qc2 d5 5. a3 Bxc3+ 6. Qxc3 Ne4 7. Qc2 c5 8. dxc5 Nc6 9. Nf3 Qa5+ 10. Bd2 Qxc5 11. e3 Nxd2 12. Nxd2 dxc4 13. Bxc4 O-O 14. Rc1 Qa5 15. O-O Bd7 16. Nb3 Qg5 17. Rfd1 Rad8 18.
Bd3 h5 19. Be4 h4 20. Nc5 Bc8 21. h3 Rxd1+ 22. Rxd1 Rd8 23. b4 e5 24. b5 Na5 25.
Rxd8+ Qxd8 26. Qc3 b6 27. Nd3 f6 28. Nb4 Be6 29. Nc6 Qc7 30. Qd3 Nc4 31. Bd5 Qf7 32. Qxc4 Bxd5 33. Qxd5 1-0

[Event "*** Titled Tuesday Blitz"]
[Site "Chess.com"]
[Date "2020.12.29"]
[Round "5"]
[White "Lady_Nika"]
[Black "QuintilianoR"]
[Result "0-1"]
[WhiteElo "2316"]
[BlackElo "2666"]
[TimeControl "180+1"]
[EndTime "10:53:56 PST"]
[Termination "QuintilianoR won by checkmate"]

1. d4 d5 2. e3 Nf6 3. f4 g6 4. Nf3 Bg7 5. c3 O-O 6. Bd3 b6 7. Nbd2 Ba6 8. Bxa6 Nxa6 9. O-O c5 10. Ne5 Qd6 11.
b3 Rfc8 12. Bb2 cxd4 13. exd4 Nc7 14. Qe2 a5 15. a3 Nce8 16. a4 Qc7 17. Rac1 Nd6 18.
c4 Qb7 19. Rfe1 e6 20. Ba3 Nde4 21. Nxe4 Nxe4 22. cxd5 Rxc1 23. Rxc1 Qxd5 24. Qc4 Nd2 25. Qxd5 exd5 26. b4 axb4 27. Bxb4 Nc4 28. Nxc4 Bxd4+ 29. Kf1 Rc8 30. Ke2 Rxc4 31. Rxc4 dxc4 32. a5 bxa5 33. Bxa5 f5 34. h3 Kf7 35. g4 Ke6 36. Bb4 Kd5 37. Kf3 h5 38. gxh5 gxh5 39. Kg3 Bf6 40. Kf3 c3 41. Ba3 Kc4 42. Ke3 Bd4+ 43. Ke2 Kb3 44.
Bc1 Bc5 45. Kd3 Bf2 46. Ke2 Kc2 47. Ba3 Bd4 48. Bb4 Kb3 49. Bxc3 Kxc3 50. Kf3 h4 51.
Ke2 Kc2 52. Ke1 Kd3 53. Kf1 Ke4 54. Kg2 Kxf4 55. Kh1 Be5 56. Kg2 Bf6 57. Kf2 Ke4 58.
Kg2 f4 59. Kf2 f3 60. Kg1 Ke3 61. Kh1 Ke2 62. Kh2 f2 63. Kh1 f1=Q+ 64. Kh2 Be5# 0-1

[Event "*** Titled Tuesday Blitz"]
[Site "Chess.com"]
[Date "2020.12.29"]
[Round "5"]
[White "GMBenjaminBok"]
[Black "LiderChessAcademy"]
[Result "1-0"]
[WhiteElo "2876"]
[BlackElo "2614"]
[TimeControl "180+1"]
[EndTime "10:53:58 PST"]
[Termination "GMBenjaminBok won by resignation"]

1. d4 Nf6 2. c4 g6 3. Nc3 d5 4.
cxd5 Nxd5 5. e4 Nxc3 6. bxc3 Bg7 7.
Nf3 c5 8. Be3 Qa5 9. Qd2 O-O 10.
Rc1 Rd8 11. d5 e6 12. Bg5 f6 13. Be3 f5 14. Bc4 b5 15. dxe6 bxc4 16. e7 Re8 17. Qd5+ Kh8 18. Qxa8 Bxc3+ 19. Kf1 Nd7 20. Qd5 Rxe7 21.
exf5 Nf6 22. Qxc5 Rf7 23. Qxc8+ Kg7 24. Qxc4 Rc7 25. Qd3 Rd7 26. Qxc3 Rd1+ 27. Ke2 1-0

[Event "*** Titled Tuesday Blitz"]
[Site "Chess.com"]
[Date "2020.12.29"]
[Round "5"]
[White "Supernotar"]
[Black "ulkaf961"]
[Result "1-0"]
[WhiteElo "2849"]
[BlackElo "2291"]
[TimeControl "180+1"]
[EndTime "10:53:58 PST"]
[Termination "Supernotar won by checkmate"]

1. d4 d5 2. c4 e6 3. Nf3 a6 4. e3 Nf6 5. Nbd2 Bd6 6. Bd3 b6 7. O-O Nbd7 8. e4 dxe4 9. Nxe4 Bb7 10. Qe2 O-O 11. b3 Nxe4 12. Bxe4 Bxe4 13. Qxe4 Nf6 14. Qe2 c5 15. Bb2 Qe7 16. Rad1 Rfd8 17. Rd3 cxd4 18.
Nxd4 Qb7 19. a4 Qe4 20. Rfd1 Bc5 21. Qxe4 Nxe4 22. f3 Nf6 23. Kf1 Rd7 24. Ke2 Rad8 25. Nc6 Rxd3 26. Rxd3 Rxd3 27. Kxd3 a5 28. Bd4 Nd7 29.
Bxc5 Nxc5+ 30. Kc3 Kf8 31. b4 axb4+ 32. Kxb4 Ke8 33.
Kb5 f6 34. a5 Kd7 35. axb6 Nb7 36. Na5 Nd6+ 37. Kc5 Nf5 38. g4 Ne3 39. Kd4 Nc2+ 40.
Kc3 Ne1 41. c5 Nxf3 42. c6+ Kc8 43. c7 Ne5 44. Nc4 Nd7 45. Nd6# 1-0

[Event "*** Titled Tuesday Blitz"]
[Site "Chess.com"]
[Date "2020.12.29"]
[Round "5"]
[White "renehp"]
[Black "BeanScreen"]
[Result "1-0"]
[WhiteElo "2457"]
[BlackElo "2644"]
[TimeControl "180+1"]
[EndTime "10:53:59 PST"]
[Termination "renehp won on time"]

1. e4 e5 2. Nf3 Nc6 3. d4 exd4 4.
Nxd4 Bc5 5. Nb3 Bb4+ 6. c3 Be7 7. g3 Nf6 8. Bg2 d6 9. O-O Bg4 10. f3 Be6 11. Be3 Qd7 12. N1d2 h5 13. Nd4 Nxd4 14.
cxd4 Bh3 15. Qb3 O-O-O 16. Rac1 Bxg2 17. Kxg2 h4 18. g4 Kb8 19. h3 Qe6 20. d5 Qd7 21.
Nc4 Ka8 22. Na5 Qc8 23. Qb4 Rde8 24. Rf2 Bd8 25. Qd4 Qb8 26. Rfc2 Nd7 27. b4 Bf6 28.
Qd3 Rc8 29. a4 Ne5 30. Qe2 Rhe8 31. b5 b6 32. Nc6 Nxc6 33. bxc6 Re7 34. a5 b5 35. a6 Rce8 36. Rb1 b4 37. Qc4 Qc8 38. Rxb4 Be5 39. Rb7 1-0

[Event "*** Titled Tuesday Blitz"]
[Site "Chess.com"]
[Date "2020.12.29"]
[Round "5"]
[White "kobemagic"]
[Black "barbara25"]
[Result "1-0"]
[WhiteElo "2428"]
[BlackElo "2267"]
[TimeControl "180+1"]
[EndTime "10:54:01 PST"]
[Termination "kobemagic won by resignation"]

1. c4 Nf6 2. g3 e6 3. Bg2 c6 4. Nf3 d5 5. b3 Be7 6. Bb2 O-O 7. d4 b6 8. Nbd2 Bb7 9. O-O Nbd7 10.
Ne5 Rc8 11. e4 c5 12. Nxd7 Qxd7 13. e5 Ne8 14. dxc5 bxc5 15. cxd5 Bxd5 16. Ne4 Rd8 17. Qe2 Bxe4 18. Qxe4 Qd3 19. Qxd3 Rxd3 20. Rfd1 Rxd1+ 21. Rxd1 g6 22. Rd7 Bg5 23. f4 Bh6 24. Rxa7 g5 25. Ba3 Ng7 26. Bxc5 Rc8 27. Be3 gxf4 28.
Bxf4 Bxf4 29. gxf4 Rc1+ 30. Kf2 Rc2+ 31. Kg1 Nf5 32. Be4 Rc1+ 33. Kf2 Nd4 34. Ke3 Nb5 35. Ra5 Nc7 36. Bd3 Nd5+ 37. Rxd5 exd5 38. a4 h5 39. a5 Kf8 40. a6 Ke7 41. Kd4 Ke6 42.
Bb5 h4 43. a7 Rc8 44. Bc6 Rxc6 45. a8=Q Rb6 46. Qxd5+ Ke7 47. Qc5+ 1-0

[Event "*** Titled Tuesday Blitz"]
[Site "Chess.com"]
[Date "2020.12.29"]
[Round "5"]
[White "tjychess"]
[Black "juancruzarias"]
[Result "1/2-1/2"]
[WhiteElo "2725"]
[BlackElo "2539"]
[TimeControl "180+1"]
[EndTime "10:54:06 PST"]
[Termination "Game drawn by repetition"]

1. d4 Nf6 2. c4 c5 3. d5 e5 4. Nc3 d6 5. e4 Nbd7 6. Nf3 Be7 7. Be2 Nf8 8. h3 Ng6 9. g3 h5 10. h4 Bg4 11. Be3 Bf8 12. Qc2 Ne7 13. O-O-O g6 14. Ng5 Bxe2 15. Qxe2 Bg7 16. f3 a6 17. Kb1 Qd7 18. a4 Nh7 19. Nxh7 Rxh7 20. g4 O-O-O 21. g5 Kb8 22. Qc2 f6 23. gxf6 Bxf6 24. Rdg1 Rf7 25. Qg2 Rdf8 26. b3 Qc7 27. Kc2 Qa5 28. Bd2 Qc7 29. Qh3 Qc8 30. Qxc8+ Kxc8 31.
Rh3 Bg7 32. Rgg3 Bf6 33. Kd3 Kd7 34. Ke2 Rb8 35. Rg2 b6 36. Be1 Ke8 37. Bd2 Kf8 38.
Rh1 Kg7 39. Rgh2 Kh7 40. Rg2 Rbf8 41. Nd1 Bg7 42. Rh3 Bf6 43. Nc3 Rb8 44. Rh1 Ng8 45.
Rhh2 Ne7 46. Rh1 1/2-1/2

[Event "*** Titled Tuesday Blitz"]
[Site "Chess.com"]
[Date "2020.12.29"]
[Round "5"]
[White "Kopytkin"]
[Black "Dynamikus"]
[Result "0-1"]
[WhiteElo "2371"]
[BlackElo "2725"]
[TimeControl "180+1"]
[EndTime "10:54:06 PST"]
[Termination "Dynamikus won on time"]

1. e4 c5 2. d4 cxd4 3. c3 dxc3 4.
Nxc3 d6 5. Nf3 Nf6 6. Bc4 Nc6 7. e5 Ng4 8. exd6 exd6 9. Qb3 Nge5 10. Nxe5 Nxe5 11. Bb5+ Bd7 12. O-O Be7 13. f4 Nc6 14. f5 O-O 15. Nd5 Bf6 16. Be3 Nd4 17. Bxd4 Bxd4+ 18.
Kh1 Bc6 19. Rad1 Be5 20. Bc4 Qh4 21. g3 Qe4+ 22. Qf3 Qxc4 23. f6 Bxd5 24. Rxd5 Bxf6 25. b3 Qc6 26. Qh5 Rae8 27. h4 Re5 0-1

[Event "*** Titled Tuesday Blitz"]
[Site "Chess.com"]
[Date "2020.12.29"]
[Round "5"]
[White "northridgehawk"]
[Black "zurzan"]
[Result "1-0"]
[WhiteElo "2320"]
[BlackElo "2057"]
[TimeControl "180+1"]
[EndTime "10:54:07 PST"]
[Termination "northridgehawk won by resignation"]

1. e4 Nf6 2. e5 Nd5 3. d4 d6 4. c4 Nb6 5. f4 dxe5 6. fxe5 Nc6 7. Be3 Bf5 8. Nf3 e6 9. Be2 Be7 10. O-O O-O 11. a3 f6 12. exf6 Bxf6 13. Qd2 e5 14. d5 Nd4 15. Nxd4 exd4 16. Bxd4 Bxb1 17. Raxb1 Nd7 18. Bg4 Ne5 19. Be6+ Kh8 20. Qc3 Nd7 21. b4 Bxd4+ 22. Qxd4 Nf6 23. Rbe1 h6 24. h3 b6 25. Bf5 c5 26. Qd3 cxb4 27. axb4 Qd6 28. Qd2 Rae8 29. Bg6 Rxe1 30. Rxe1 Qg3 31. Bc2 Nh5 32. Qe3 Qd6 33. Qe7 Qf4 34. Qe2 Ng3 35. Qe3 Qd6 36. Qd3 Nf5 37.
Rf1 Qe5 38. Rxf5 Qe1+ 39. Kh2 Rxf5 40. Qxf5 1-0

[Event "*** Titled Tuesday Blitz"]
[Site "Chess.com"]
[Date "2020.12.29"]
[Round "5"]
[White "Denis_Palkovich"]
[Black "alexrustemov"]
[Result "0-1"]
[WhiteElo "2329"]
[BlackElo "2676"]
[TimeControl "180+1"]
[EndTime "10:54:08 PST"]
[Termination "alexrustemov won on time"]

1. d4 g6 2. Bf4 Bg7 3. e3 c5 4.
c3 Qb6 5. Qb3 d6 6. Nd2 Be6 7.
Qxb6 axb6 8. Bc4 Bxc4 9. Nxc4 Nd7 10. Nf3 Ngf6 11. O-O Ra4 12. Ncd2 Nd5 13. Bg3 b5 14. e4 Nc7 15. e5 dxe5 16. Nxe5 Nxe5 17. Bxe5 Bxe5 18.
dxe5 Ne6 19. b3 Ra3 20. f4 O-O 21. f5 gxf5 22. Rxf5 Rfa8 23. Raf1 Rxa2 24. Ne4 Rf8 25. Ng5 Nxg5 26. Rxg5+ Kh8 27. Rgf5 Rc2 28. Rxf7 Rxf7 29. Rxf7 Rxc3 30. Rxe7 Rxb3 31. e6 Kg8 32. Rxb7 Kf8 0-1

[Event "*** Titled Tuesday Blitz"]
[Site "Chess.com"]
[Date "2020.12.29"]
[Round "5"]
[White "Piotrek1979"]
[Black "sergiochess83"]
[Result "0-1"]
[WhiteElo "2407"]
[BlackElo "2798"]
[TimeControl "180+1"]
[EndTime "10:54:09 PST"]
[Termination "sergiochess83 won by resignation"]

1. e4 c5 2. Nf3 d6 3. d4 cxd4 4. Qxd4 Nf6 5. Nc3 a6 6. Bc4 e6 7.
Bg5 Nc6 8. Qd3 h6 9. Bh4 b5 10.
Bb3 Bb7 11. O-O-O Na5 12. Bxe6 fxe6 13. e5 Kf7 14. exf6 gxf6 15. Ne5+ dxe5 16. Qxd8 Rxd8 17. Rxd8 b4 18. Na4 h5 19. Rhd1 Bh6+ 20. Kb1 Rxd8 21. Rxd8 Bxg2 22. Nc5 Nc4 23. Rd7+ Kg6 24. Nxe6 Nd2+ 25.
Ka1 Nf3 26. Bxf6 Kxf6 27. Nc5 Bf4 28. Ne4+ Kf5 29. Ng3+ Ke6 30. Rh7 h4 31. Ne2 Bxh2 32. c4 bxc3 33. Nxc3 h3 34. Ne4 Bf4 35. Ng3 Bxg3 36.
fxg3 h2 0-1

[Event "*** Titled Tuesday Blitz"]
[Site "Chess.com"]
[Date "2020.12.29"]
[Round "5"]
[White "FlySooHigh"]
[Black "imdvb6307"]
[Result "1-0"]
[WhiteElo "2658"]
[BlackElo "2377"]
[TimeControl "180+1"]
[EndTime "10:54:09 PST"]
[Termination "FlySooHigh won by resignation"]

1. e4 e5 2. Nf3 Nf6 3. Nc3 Nc6 4.
d4 exd4 5. Nxd4 Bb4 6. Nxc6 bxc6 7. Bd3 d5 8. exd5 cxd5 9. O-O O-O 10. Bg5 c6 11.
Ne2 h6 12. Bh4 Re8 13. c4 Be6 14. cxd5 Bxd5 15. Qc2 Qe7 16. Nf4 Qe5 17. Nxd5 cxd5 18. a3 Bd6 19. Bg3 Qe7 20. Rfd1 Bxg3 21. hxg3 Ne4 22. Bf1 Rac8 23. Qe2 Qc5 24. b4 Qb6 25. Qf3 Rc2 26. Qe3 Qxe3 27. fxe3 Nf6 28. Rd3 Ng4 29.
Rxd5 Nxe3 30. Re1 Re6 31. Rd8+ Kh7 32. Bd3+ g6 33. Bxc2 Nxc2 34. Rxe6 fxe6 35. Rd7+ Kg8 36. Rxa7 1-0

[Event "*** Titled Tuesday Blitz"]
[Site "Chess.com"]
[Date "2020.12.29"]
[Round "5"]
[White "LilRag"]
[Black "WinOrTilt"]
[Result "1-0"]
[WhiteElo "2476"]
[BlackElo "2145"]
[TimeControl "180+1"]
[EndTime "10:54:10 PST"]
[Termination "LilRag won on time"]

1. Nf3 d5 2. e3 Nf6 3. c4 e6 4. cxd5 exd5 5. Nc3 c6 6. b3 Bd6 7. Bb2 O-O 8. Rc1 Re8 9. Be2 Bf5 10. O-O Nbd7 11.
d3 Qe7 12. Nd4 Bg6 13. h3 Ne5 14. Qd2 Rac8 15. Rfd1 h6 16. Nf3 Nxf3+ 17. Bxf3 Qe5 18. g3 Qg5 19. Ne2 h5 20. h4 Qf5 21. Nf4 Bxf4 22. exf4 Ng4 23. Bd4 b6 24. b4 Re6 25. a4 Rce8 26. a5 Nf6 27. axb6 axb6 28. Bxb6 Nd7 29. Bd4 Bh7 30. Be3 f6 31. Rb1 g5 32. Bxh5 gxh4 33.
g4 Qxd3 34. Qxd3 Bxd3 35. Rxd3 R8e7 36. b5 cxb5 37. Rxd5 Rg7 38. Rbxb5 Nf8 39. f5 Re4 40. Rd4 Ree7 41. Kh2 Nh7 42. Bh6 1-0